 Dungeon Crawl Stone Soup version 0.20.0-7-g3b7b877 (webtiles) character file.

9189 Rrauwl the Brawler (level 11, -13/81 HPs)
             Began as a Troll Artificer on May 29, 2017.
             Mangled by a spiny frog (22 damage)
             ... on level 1 of the Lair of Beasts.
             The game lasted 00:34:23 (9199 turns).

Rrauwl the Brawler (Troll Artificer)                Turns: 9199, Time: 00:34:23

Health: -13/81     AC:  8    Str: 23 (24) XL:     11   Next: 19%
Magic:  0/12       EV: 11    Int: 10      God:
Gold:   542        SH:  0    Dex: 13 (15) Spells: 10/10 levels left

rFire    . . .     SeeInvis .   m - +9 giant spiked club
rCold    + . .     Gourm    +   (shield currently unavailable)
rNeg     . . .     Faith    .   b - +0 robe
rPois    .         Spirit   +   (helmet restricted)
rElec    +         Reflect  .   h - +2 cloak {+Inv}
rCorr    .         Harm     .   (gloves unavailable)
MR       +....     Rnd*Tele +   (boots unavailable)
Stlth    +.........             E - amulet "Luasisig" {Spirit rElec Int+3 Dex+6}
Regen    0.7/turn               y - ring of protection from magic
MPRegen  0.2/turn               J - ring of protection from cold

@: lethally poisoned (-13 -> -26)
A: unfitting armour, claws 3, horns 1, clumsy 1, deterioration 1, fast
metabolism 3, frail 1, gourmand, high mp 1, regeneration 1, shaggy fur 1,
teleportitis 1, tough skin 2
a: Evoke Invisibility


You were on level 1 of the Lair of Beasts.
You were not hungry.

You visited 3 branches of the dungeon, and saw 11 of its levels.
You also visited: Labyrinth.

You collected 542 gold pieces.

Inventory:

Hand Weapons
 m - a +9 giant spiked club (weapon)
Missiles
 r - 5 large rocks (quivered)
Armour
 b - a +0 robe (worn)
 h - a +2 cloak of invisibility (worn)
Jewellery
 y - a ring of protection from magic (left claw)
 E - the amulet "Luasisig" (around neck) {Spirit rElec Int+3 Dex+6}
   (You found it on level 8 of the Dungeon)

   [amulet of guardian spirit]

   It causes incoming damage to be split between your health and magic.
   It affects your intelligence (+3).
   It affects your dexterity (+6).
   It insulates you from electricity.
 G - an uncursed ring of poison resistance
 H - an uncursed ring of wizardry {unknown}
 J - a ring of protection from cold (right claw)
Wands
 c - a wand of flame (20/48)
 d - a wand of enslavement (14/24)
 e - a wand of random effects (13/48)
 g - a wand of paralysis (10/24)
 n - a wand of acid (5/15)
 o - a wand of iceblast (2/15)
 t - a wand of polymorph (8/24)
 u - a wand of disintegration (4/24)
 v - a wand of lightning (7/15)
 w - a wand of polymorph (14/24)
 D - a wand of iceblast (4/15)
Scrolls
 a - 4 scrolls of remove curse
 k - 2 scrolls of fog
 l - 6 scrolls of identify
 s - 2 scrolls of teleportation
Potions
 q - 2 potions of cancellation
 x - a potion of curing
 B - a potion of might
Books
 i - a book of Transfigurations

   Spells                             Type                      Level
   a - Irradiate                      Conjuration/Transmutation    5
   b - Statue Form                    Transmutation/Earth          6
   c - Hydra Form                     Transmutation                6
   d - Dragon Form                    Transmutation                7
 p - a book of Callings

   Spells                             Type                      Level
   a - Summon Small Mammal            Summoning                    1
   b - Call Imp                       Summoning                    2
   c - Call Canine Familiar           Summoning                    3
   d - Summon Guardian Golem          Hexes/Summoning              3
   e - Summon Lightning Spire         Summoning/Air                4
   f - Summon Ice Beast               Ice/Summoning                4
Comestibles
 f - 8 bread rations
 j - a meat ration
 z - 5 fruits


   Skills:
 - Level 1.0 Fighting
   Level 0.7 Short Blades
 - Level 4.0 Dodging
 - Level 0.3 Stealth
 + Level 15.9 Unarmed Combat
 - Level 2.1 Evocations


You had 10 spell levels left.
You didn't know any spells.

Dungeon Overview and Level Annotations

Branches:
Dungeon (9/15)             Temple (1/1) D:5            Lair (1/6) D:9
    Orc: D:9-12

Altars:
Ashenzari
Cheibriados
Dithmenos
Elyvilon
Fedhas
Gozag
Hepliaklqana
Kikubaaqudgha
Makhleb
Nemelex Xobeh
Okawaru
Qazlal
Ru
Sif Muna
Trog
Uskayaw
Vehumet
Xom
Yredelemnul
Zin
The Shining One


Innate Abilities, Weirdness & Mutations

You are too large for most types of armour.
You have claws for hands.
Your metabolism is lightning-fast.
You like to eat raw meat.
Your natural rate of healing is unusually fast.
You are covered in fur. (AC +1)
You have very tough skin. (AC +2)
You have a pair of small horns on your head.
You are clumsy. (Dex -2)
Your body sometimes deteriorates upon taking damage.
You are frail. (-10% HP)
You have an increased reservoir of magic. (+10% MP)
You are occasionally teleported next to monsters.


Message History

The spiny frog stings you but does no damage.
The water moccasin barely misses you. The spiny frog completely misses you.
You barely miss the spiny frog.
The spiny frog is lightly wounded.
You feel sick.
The water moccasin bites you but does no damage.
The spiny frog stings you but does no damage.
The water moccasin barely misses you. The spiny frog closely misses you.
You barely miss the spiny frog.
You headbutt the spiny frog, but do no damage.
The spiny frog is lightly wounded.
You feel sick. The water moccasin bites you!
You are more poisoned.
The water moccasin poisons you! The spiny frog stings you!
* * * LOW HITPOINT WARNING * * *
The water moccasin bites you.
* * * LOW HITPOINT WARNING * * *
You are lethally poisoned!
The water moccasin poisons you! The spiny frog stings you!!
You die...

..P #P........
..##..........
.............. #
.............
#.#............
#............# #####
#..SF........ #
#...######..@.....# #
##........####....## #
##....####.## ##...##
##.....###...####....#
#......P###..........#
##.......##...........#
#.......###...........##
P.......##)............#
#....∩...........P.....#


You could see a spiny frog and a water moccasin.

Vanquished Creatures
  A minotaur (Lab)
  4 two-headed ogres
  Pikel (D:5)
  A komodo dragon (Lair:1)
  A hornet (D:8)
  A hippogriff (D:7)
  The ghost of endorz the Cudgeler, an amateur GrFi of Okawaru (D:4)
  A spriggan (D:7)
  5 yaks (D:9)
  A wyvern (D:7)
  Grum (D:8)
  Edmund (D:4)
  A water moccasin (D:6)
  Duvessa (D:6)
  2 sky beasts
  An orc warrior (D:8)
  2 slaves (D:4)
  A necrophage (D:6)
  2 ogres
  A black bear (D:6)
  3 phantoms
  3 wolves (D:8)
  A crocodile (D:8)
  A big kobold (D:9)
  7 bullfrogs
  Dowan (D:6)
  3 scorpions
  5 killer bees (D:8)
  3 howler monkeys (D:9)
  2 crimson imps
  2 bullfrog zombies
  3 orc priests
  5 hounds
  2 jellies
  4 iguanas
  A bullfrog skeleton (D:5)
  2 orc wizards
  5 worker ants
  A killer bee zombie (D:6)
  A hound zombie (D:7)
  A worker ant zombie (D:6)
  5 adders
  A river rat (D:6)
  2 shadow imps
  An adder skeleton (D:4)
  2 worms
  8 leopard geckos
  24 orcs
  6 giant cockroaches
  10 goblins
  4 hobgoblins
  24 jackals
  12 kobolds
  4 quokkas
  2 ball pythons
  7 bats
  5 frilled lizards
  A jackal skeleton (D:4)
  2 leopard gecko skeletons
  2 quokka skeletons
  A quokka zombie (D:5)
  8 rats
217 creatures vanquished.

Vanquished Creatures (others)
  A slave (D:4)
1 creature vanquished.

Grand Total: 218 creatures vanquished

Notes
Turn   | Place    | Note
-------+----------+-------------------------------------------
     0 | D:1      | Rrauwl the Troll Artificer began the quest for the Orb.
     0 | D:1      | Reached XP level 1. HP: 18/18 MP: 1/1
    55 | D:1      | Reached skill level 1 in Fighting
   129 | D:1      | Reached XP level 2. HP: 22/27 MP: 2/2
   160 | D:1      | Reached skill level 1 in Unarmed Combat
   341 | D:1      | Reached skill level 2 in Unarmed Combat
   469 | D:1      | Reached XP level 3. HP: 33/33 MP: 3/3
  1573 | D:3      | Reached skill level 3 in Unarmed Combat
  1876 | D:3      | Reached XP level 4. HP: 41/41 MP: 4/4
  2023 | D:3      | Reached skill level 4 in Unarmed Combat
  2378 | D:3      | Found a shadowy altar of Dithmenos.
  2648 | D:4      | Found a stormy altar of Qazlal.
  2662 | D:4      | Noticed a slave
  2669 | D:4      | Noticed a slave
  2678 | D:4      | Killed a slave
  2682 | D:4      | Killed a slave
  2683 | D:4      | Noticed Pikel
  2685 | D:4      | Noticed a slave
  2688 | D:4      | Noticed a slave
  2694 | D:4      | Noticed endorz's ghost (amateur GrFi)
  2698 | D:5      | Entered Level 5 of the Dungeon
  2710 | D:5      | Killed Pikel
  2710 | D:5      | Reached skill level 7 in Unarmed Combat
  2710 | D:5      | Reached XP level 5. HP: 48/48 MP: 5/5
  2710 | D:5      | Reached XP level 6. HP: 55/55 MP: 6/6
  2710 | D:5      | Reached XP level 7. HP: 62/62 MP: 7/7
  2711 | D:5      | You fall through a shaft for 2 floors!
  2752 | D:7      | Noticed a wyvern
  2759 | D:7      | Killed a wyvern
  2759 | D:7      | Reached skill level 8 in Unarmed Combat
  2867 | D:7      | Noticed a hippogriff
  2875 | D:7      | Killed a hippogriff
  2875 | D:7      | Reached skill level 9 in Unarmed Combat
  2901 | D:7      | Noticed a spriggan baker
  2917 | D:7      | Killed a spriggan baker
  2917 | D:7      | Reached XP level 8. HP: 8/70 MP: 8/8
  3124 | D:6      | Found a blossoming altar of Fedhas.
  3131 | D:6      | Noticed Dowan
  3132 | D:6      | Noticed Duvessa
  3163 | D:6      | Reached skill level 10 in Unarmed Combat
  3397 | D:4      | Killed endorz's ghost
  3513 | D:4      | Found a radiant altar of Vehumet.
  3925 | D:4      | Noticed Edmund
  3932 | D:4      | Killed Edmund
  3932 | D:4      | Reached XP level 9. HP: 58/76 MP: 9/9
  4039 | D:4      | Reached skill level 11 in Unarmed Combat
  4047 | D:4      | Found a white marble altar of Elyvilon.
  4203 | D:5      | Found a staircase to the Ecumenical Temple.
  4212 | Temple   | Entered the Ecumenical Temple
  4711 | D:5      | Found an ancient bone altar of Kikubaaqudgha.
  5011 | D:6      | Killed Duvessa
  5035 | D:6      | Killed Dowan
  5388 | D:6      | Found a sacrificial altar of Ru.
  5420 | D:6      | Found a glowing golden altar of the Shining One.
  5608 | D:7      | Reached skill level 12 in Unarmed Combat
  5732 | D:7      | Gained mutation: You have a pair of small horns on your head. [potion of mutation]
  5732 | D:7      | Gained mutation: You have an increased reservoir of magic. (+10% MP) [potion of mutation]
  6340 | D:8      | Gained mutation: Your body sometimes deteriorates upon taking damage. [mutagenic meat]
  6341 | D:8      | Gained mutation: You are clumsy. (Dex -2) [mutagenic meat]
  6342 | D:8      | Gained mutation: You are frail. (-10% HP) [mutagenic meat]
  6343 | D:8      | Gained mutation: You are occasionally teleported next to monsters. [mutagenic meat]
  6367 | D:8      | Found an opulent altar of Gozag.
  6497 | D:8      | Found an opulent altar of Gozag.
  6526 | D:8      | Got a slimy amethyst amulet
  6527 | D:8      | Identified the amulet "Luasisig" {Spirit rElec Int+3 Dex+6} (You found it on level 8 of the Dungeon)
  6537 | D:8      | Reached skill level 13 in Unarmed Combat
  6590 | D:8      | Noticed Grum
  6604 | D:8      | Killed Grum
  6621 | D:8      | Reached XP level 10. HP: 46/75 MP: 4/11
  6819 | D:8      | Noticed a two-headed ogre
  6826 | D:8      | Killed a two-headed ogre
  6966 | D:8      | Paralysed by a hornet for 3 turns
  7210 | D:9      | Found a staircase to the Lair.
  7210 | D:9      | Noticed a two-headed ogre
  7413 | D:9      | Killed a two-headed ogre
  7413 | D:9      | Reached skill level 14 in Unarmed Combat
  7433 | D:9      | Noticed a two-headed ogre
  7437 | D:9      | Killed a two-headed ogre
  7567 | D:9      | Found a hide-covered altar of Uskayaw.
  7644 | D:9      | Noticed a dagger
  7645 | D:9      | Noticed a hand axe
  7734 | D:9      | Noticed a two-headed ogre
  7745 | D:9      | Killed a two-headed ogre
  7745 | D:9      | Reached skill level 15 in Unarmed Combat
  7768 | D:9      | Found a burning altar of Makhleb.
  7790 | D:9      | Identified Sif Muna's Handbook of Harmful Intoxication
  7933 | D:9      | Reached XP level 11. HP: 79/81 MP: 10/12
  7969 | Lair:1   | Entered Level 1 of the Lair of Beasts
  8011 | Lair:1   | Found a labyrinth entrance.
  8032 | Lab      | Entered a labyrinth
  9023 | Lab      | Noticed a minotaur
  9036 | Lab      | Killed a minotaur
  9199 | Lair:1   | Mangled by a spiny frog

Skill      XL: |  1  2  3  4  5  6  7  8  9 10 |
---------------+-------------------------------+-----
Fighting       | 1 |  1.0
Dodging        | 2 3 4 |  4.0
Unarmed Combat | 2 3 7 9 10 13 15 | 15.9
Short Blades   | |  0.7
Stealth        | |  0.3
Evocations     | |  2.1

Action                   |  1- 3 |  4- 6 |  7- 9 | 10-12 || total
-------------------------+-------+-------+-------+-------++-------
Melee: Unarmed           |   189 |    68 |   323 |   108 ||   688
       Short sword       |     6 |       |       |       ||     6
       Punch             |       |       |    19 |     9 ||    28
       Headbutt          |       |       |     8 |    25 ||    33
       Giant spiked club |       |       |       |     5 ||     5
Throw: Large rock        |       |     2 |       |       ||     2
 Abil: Evoke Invisibilit |       |       |       |     1 ||     1
Evoke: Wand              |       |     2 |    13 |    19 ||    34
  Use: Scroll            |    11 |       |     5 |     4 ||    20
       Potion            |     4 |     1 |     5 |     3 ||    13
 Stab: Confused          |       |     2 |       |       ||     2
       Sleeping          |       |       |     3 |       ||     3
       Invisible         |       |       |       |     1 ||     1
  Eat: Chunk             |    22 |     7 |    39 |    14 ||    82
       Royal jelly       |       |       |     1 |       ||     1
       Bread ration      |       |       |       |     1 ||     1
Armor: Robe              |   102 |    17 |    84 |    27 ||   230
Dodge: Dodged            |   117 |    21 |   122 |    56 ||   316
